cohdb
Replays
Latest Replays
All Replays
Popular Replays
Top Player Replays
Match Explorer
How It Works
Community
CoH3 Stats
Reddit
Sign in to upload your games and track your stats! →
Sign in with Steam
Match 41379615
Unlisted
Match 41379615
Overview
Messages
Build Orders
End
Panzergrenadier Squad
Selects Italian Combined Arms Battlegroup
Selects Bersaglieri Squad
Bersaglieri Squad
Kradschützen Motorcycle Team
Bersaglieri Squad
Construct Light Support Kompanie
Selects Bersaglieri Bolster
Fire Support Elements
Flakvierling Half-track
Assault Mechanized Group
Selects Breda Model 30 Light Machine Guns
Construct Panzerarmee Kommand
Panzer III L Medium Tank
Panzer III L Medium Tank
Vehicle Survival Package
BIOHAZARD
Fajolada
0
0
Comments
sign in to comment!
No comments posted yet!